← All builds
Geo / Cortex / Economy first / OBSERVED BUILD

Whirlwind rush

Cortex Geo build order · Supreme Isthmus

Geo adds an Aircraft Plant around 6:50 and pushes T1 bombers led by Whirlwind, with Valiant fighters and Finch scouts following, landing hits deep in the enemy base from as early as 8:52 well before the usual T2 push.

Usually blows up the commander for T2 (70%)

#air #rush #push · 45 distinct matches · 24 players · 6% of Cortex Geo games · team won 59% of 46 · Recently observed

THE CATCH, AND WHAT COMES WITH IT
  • WhirlwindT1 air bombers from 7:00 · 8% of role by thenFrom the Aircraft Plant. Only 8% of Geo games have it by then; others who build it get it around 7:29
  • Aircraft PlantAircraft Plant in 98%17% of all Geo games by then
  • ValiantValiant in 74%11% of all Geo games by then
  • FinchFinch in 52%7% of all Geo games by then
  • ValiantValiant in 48%6% of all Geo games by then

Started with Whirlwind (98%), Stormbringer (2%).

Where those units first fight, in 46 games with kill data: in the middle 52%, in the enemy base 46%.

Those units destroy a typical 1,980 metal of enemy units by 15:00.

Then transitions into Sheldon (14% of army), valiant (9% of army).

HOW TO PLAY IT

Key timing: Aircraft Plant by 6:57

  1. Open bot lab as usual but plan to eat it by 3:27.
  2. Get geo up on schedule to fund the air switch.
  3. Build Aircraft Plant instead of the usual T2 bot path.
  4. Push Whirlwind bombers straight into the enemy base.
  5. Reclaim the Aircraft Plant and transition back to Sheldon and T2 units.

Phase by phase

TYPICAL OF ITS 45 GAMES · AGAINST STANDARD GEO
  1. 1
  2. 2
  3. 3
  4. 4
  5. 5
PLAY THE OPENING

Follow the example game's first 8:00 step by step: what to build now, what comes next, and where it goes. At 1× it keeps pace with your own game.

  1. 1

    Up to the Bot Lab

    Economy
    • Metal Extractor3Mex
    • Wind Turbine3Wind
    Order
    1. Bot LabBot Lab after 3 mex, 3 winddone ~1:11, middle half 0:52–1:20

    By 0:54 in all: 3 mex · 3 wind

    The example game in this phase · 3 steps
    1. Mex ×3
    2. Wind ×5
    3. Bot LabBot Labdone 1:33 · typical 1:11
  2. 2

    Bot Lab to 5:00

    Economy
    • Metal Extractor2Mex
    • Wind Turbine3Wind−2 vs standard
    • Energy Converter7Converter
    • Energy Storage1Energy storage
    Order
    1. Geothermal PowerplantGeo after 4 mex, 5 wind
    2. Bot LabEat Bot Lab
    Builders
    • Construction Turret5 Con turret
    • Graverobber5 Graverobber
    • Construction Bot2 Con bot
    • Construction Bot1 Con bot for allies
    • Graverobber1 Graverobber for allies

    Some games also: Aircraft Plant (30%)

    By 5:00 in all: 4 mex · 7 wind · 1 geo · 7 converter · 1 energy storage · 5 con turret

    The example game in this phase · 13 steps
    1. Construction BotCon bot
    2. GraverobberGraverobber
    3. Construction BotCon botfor Beach sea
    4. Mex
    5. GraverobberGraverobberfor Beach sea
    6. GraverobberGraverobber ×4
    7. Geothermal PowerplantGeodone 3:46 · typical 3:26
    8. Energy storage
    9. Con turret ×3
    10. Converter
    11. Con turret
    12. Converter ×4
    13. Con turret
  3. 3

    5:00 to T1 air bombers

    Order
    1. Aircraft PlantAircraft Plant after 13 wind, 10 converter, 8 con turretin 67% of games
    2. WhirlwindT1 air bombers after 8 wind, 8 converter, 7 con turret
    Builders
    • Construction Turret1 Con turret

    Some games also: Advanced Geothermal Powerplant (48%) · converter (48%) · wind (39%)

    The standard build makes here, this one skips: 2 wind · 2 converter

    By 6:59 in all: 4 mex · 8 wind (standard 11) · 1 geo · 9 converter (standard 12) · 1 energy storage · 7 con turret

    The example game in this phase · 12 steps
    1. Converter
    2. Bot LabEat Bot Labreclaimed for its metal
    3. Energy storage
    4. Con turret
    5. Converter
    6. Con turret
    7. Converter ×2
    8. Con turret
    9. Converter ×2
    10. Aircraft PlantAircraft Plantdone 5:59 · typical 6:56
    11. Converter ×4
    12. WhirlwindWhirlwinddone 6:28
  4. 4

    T1 air bombers to Advanced Bot Lab

    Order
    1. Advanced Bot LabAdvanced Bot Lab after 11 wind, 10 converter, 6 con turretdone ~9:38, middle half 8:56–10:13
    Army
    • Whirlwind13 Whirlwind +13 vs standard
    • Valiant6 Valiant +6 vs standard

    Some games also: con turret (43%) · finch (43%) · wind (33%) · converter (33%)

    By 8:55 in all: 4 mex · 14 wind · 1 geo · 1 Advanced Geothermal Powerplant · 11 converter (standard 15) · 1 energy storage

    The example game in this phase · 55 steps
    1. WhirlwindWhirlwind
    2. Converter
    3. Advanced Metal ExtractorT2 mexdone 7:04 · typical 5:48
    4. Wind
    5. WhirlwindWhirlwind
    6. Wind
    7. WhirlwindWhirlwind
    8. Wind ×2
    9. Advanced Metal ExtractorT2 mex
    10. Wind ×3
    11. WhirlwindWhirlwind ×2
    12. Wind
    13. Advanced Metal ExtractorT2 mex
    14. WhirlwindWhirlwind
    15. Wind ×7
    16. Advanced Metal ExtractorT2 mex
    17. Wind ×4
    18. WhirlwindWhirlwind
    19. Wind
    20. WhirlwindWhirlwind
    21. Wind
    22. WhirlwindWhirlwind
    23. Wind
    24. WhirlwindWhirlwind
    25. Wind
    26. WhirlwindWhirlwind
    27. Wind
    28. Advanced Geothermal PowerplantAdvanced Geothermal Powerplantdone 9:05 · typical 7:19
    29. WhirlwindWhirlwind ×5
    30. Converter
    31. WhirlwindWhirlwind ×2
    32. Converter
    33. WhirlwindWhirlwind
    34. Converter
    35. WhirlwindWhirlwind ×2
    36. Converter
    37. WhirlwindWhirlwind
    38. Converter
    39. WhirlwindWhirlwind
    40. Construction AircraftCon aircraft
    41. Converter
    42. ValiantValiant
    43. Converter
    44. ValiantValiant ×2
    45. Converter
    46. ValiantValiant ×2
    47. Converter
    48. ValiantValiant ×2
    49. Converter
    50. ValiantValiant ×3
    51. Converter
    52. ValiantValiant
    53. Converter
    54. ValiantValiant ×10
    55. Advanced Bot LabAdvanced Bot Labdone 11:06 · typical 9:38
  5. 5

    Advanced Bot Lab to 15:00

    Economy
    • Energy Converter7Converter+7 vs standard
    Order
    1. Aircraft PlantEat Aircraft Plant
    Builders
    • Construction Turret1 Con turret

    Some games also: wind (46%) · valiant (41%) · Sheldon (35%) · jammer bot (35%) · radar bot (35%)

    The standard build makes here, this one skips: 5 Sheldon

    By 15:00 in all: 4 mex · 21 wind · 1 geo · 1 Advanced Geothermal Powerplant · 19 converter · 1 energy storage

    The example game in this phase · 21 steps
    1. ValiantValiant ×2
    2. DeceiverJammer bot
    3. Aircraft PlantEat Aircraft Plantreclaimed for its metal
    4. AugurRadar bot
    5. SheldonSheldon ×2done 11:22
    6. Advanced Construction BotT2 con bot
    7. SheldonSheldon ×4
    8. ArbiterArbiter ×2done 11:56
    9. PrevailerPrevailerdone 13:48
    10. ArbiterArbiter ×2
    11. SheldonSheldon ×3
    12. FiendFiend ×4
    13. Twin GuardTwin Guard
    14. SheldonSheldon
    15. Twin GuardTwin Guard
    16. SheldonSheldon ×2
    17. Fusion ReactorFusionnot finished by 15:00
    18. SheldonSheldon
    19. Twin GuardTwin Guard
    20. Fusion ReactorFusion
    21. SheldonSheldon

Counts are medians over the build's games: half of them build more, half fewer. The example game is PongoPygmaeus's (34 OS, 15/08/2026); pick another.

Team trades

IN AT LEAST 30% OF ITS GAMES

You hand over

  • Graverobber1 Graverobber to Beach seafirst at 2:15 · in 83% of games
  • Construction Bot1 Con bot to Beach sea or Pondfirst at 2:22 · in 78% of games

You get

  • Advanced Construction Bot1 T2 con bot from Techfirst at 4:59 · in 96% of games
  • Advanced Metal Extractor1 T2 mex from Tech or Beach sea or Pondfirst at 5:21 · in 33% of games
  • Valiant12 Valiant from Airfirst at 8:31 · in 35% of games

How it plays out

Typical game of this build against the role’s standard build, running totals by minute

  • This build
  • Standard geo

Metal produced

020k40k
0:005:0010:0015:00

metal

Enemy metal destroyed

05k10k
0:005:0010:0015:00

metal

Own metal lost

02k4k6k
0:005:0010:0015:00

metal

46 games.

Show as table
ByMetal produced: This buildMetal produced: Standard geoEnemy metal destroyed: This buildEnemy metal destroyed: Standard geoOwn metal lost: This buildOwn metal lost: Standard geo
1:003333420000
2:008458710000
3:00151515000000
4:00267926630000
5:00372536900000
6:00533255860000
7:00769178910000
8:00101941096100850
9:0012980138761952124247
10:00159321678420272961755185
11:001917519610303611022326738
12:0021773226853367223330231443
13:0024942255514396403934762394
14:0027379284135578580946604294
15:0030091313517035786253765693
WHAT THE NUMBERS SAY

Won more often than the standard build and destroyed far more enemy metal by 10:00 and 15:00.

  • + Destroys 2005 enemy metal by 10:00 vs 424 for standard.
  • + Won more often than the Geo norm in these games.
  • − Own losses jump to 2022 by 10:00 vs 260 for standard.
  • − Metal production trails standard build slightly throughout.
THE EXAMPLE YOU ARE READING

PongoPygmaeus

33.9 OS · 15/08/2026

Open source match ↗

27 received units · includes a constructor
185 metal received · 139099 energy received

Allied construction assistance is unknown. Timings are observations, not a promise of solo reproducibility.

Typical milestones

Bot Lab1:11Middle 50%: 0:52–1:20 · n=46
Geothermal Powerplant3:26Middle 50%: 3:05–3:36 · n=46
Advanced Metal Extractor5:48Middle 50%: 5:26–6:17 · n=44
Aircraft Plant6:56Middle 50%: 4:34–7:17 · n=45
Advanced Geothermal Powerplant7:19Middle 50%: 6:56–8:10 · n=36
Advanced Bot Lab9:38Middle 50%: 8:56–10:13 · n=24

Played most by

El_Turco6games of this buildPongoPygmaeus6games of this buildOsamaBinClappin4games of this buildPRO_HYDRA4games of this buildzeus_on_god4games of this build